 Dungeon Crawl Stone Soup version 0.28-a0-612-gcfc00ec14d (webtiles) character file.

Game seed: 9896964762783756133

729 Rennog the Skirmisher (level 7, 0/48 HPs)
             Began as a Gargoyle Fighter on Oct 5, 2021.
             Slain by an orc wizard (3 damage)
             ... on level 6 of the Dungeon.
             The game lasted 00:05:05 (5755 turns).

Rennog the Skirmisher (Gargoyle Fighter)            Turns: 5755, Time: 00:05:06

Health: 0/48       AC: 15    Str: 20    XL:     7   Next: 73%
Magic:  7/7        EV:  9    Int:  8    God:
Gold:   332        SH:  0    Dex: 11    Spells: 6/6 levels left

rFire   . . .      SeeInvis .   a - +0 flail
rCold   . . .      Faith    .   c - +0 buckler
rNeg    + . .      Spirit   .   b - +0 scale mail
rPois   ∞          Reflect  .   (no helmet)
rElec   +          Harm     .   s - +2 cloak
rCorr   .          Rampage  .   (no gloves)
Will    .....                   (no boots)
Stlth   ..........              (no amulet)
HPRegen 0.16/turn               (no ring)
MPRegen 0.10/turn               (no ring)

@: confused
A: sickness immunity, AC +4, negative energy resistance 1, electricity
resistance, torment resistance 1, petrification resistance
a: no special abilities


You were on level 6 of the Dungeon.
You visited 1 branch of the dungeon, and saw 6 of its levels.

You collected 382 gold pieces.
You spent 50 gold pieces at shops.

Inventory:

Hand Weapons
 a - a +0 flail (weapon)
Armour
 b - a +0 scale mail (worn)
 c - a +0 buckler (worn)
 s - a +2 cloak (worn)
Jewellery
 m - a ring of resist corrosion
Scrolls
 e - 4 scrolls of identify {unknown}
 f - a scroll of magic mapping {unknown}
 h - 2 scrolls of immolation {unknown}
 k - a scroll of teleportation {unknown}
 n - a scroll of enchant weapon {unknown}
 o - a scroll of noise {unknown}
 p - 2 scrolls of summoning {unknown}
 v - a scroll of brand weapon {unknown}
Potions
 d - 2 potions of resistance {unknown}
 g - a potion of curing {unknown}
 i - 2 potions of heal wounds
 j - a potion of ambrosia {unknown}
 l - 2 potions of magic {unknown}
 q - a potion of flight {unknown}
 r - a potion of brilliance {unknown}
 t - 3 potions of lignification {unknown}
 u - a potion of haste {unknown}


   Skills:
 * Level 7.2 Fighting
 + Level 4.4 Maces & Flails
 + Level 5.5 Armour
 - Level 3.2 Shields


You had 6 spell levels left.
You didn't know any spells.
Your spell library contained the following spells:

 Spells                   Type           Power      Damage    Failure   Level
 Animate Skeleton         Necr           0%         N/A       77%         1
 Magic Dart               Conj           0%         1d3       77%         1
 Pain                     Necr           0%         1d4       77%         1
 Call Imp                 Summ           0%         N/A       88%         2
 Searing Ray              Conj           0%         2d4       88%         2
 Gell's Gravitas          Tloc           0%         N/A       98%         3
 Mephitic Cloud           Conj/Pois/Air  0%         N/A       98%         3
 Teleport Other           Tloc           0%         N/A       98%         3
 Vampiric Draining        Necr           0%         2d6       98%         3
 Fulminant Prism          Conj/Hex       0%         3d6       100%        4
 Dispersal                Tloc           0%         N/A       100%        6


Dungeon Overview and Level Annotations

Branches:
Dungeon (6/15)
 Temple: D:4-7

Altars:

Shops:
D:1 !


Innate Abilities, Weirdness & Mutations

You are immune to sickness and miasma.
Your stone body is resilient. (AC +4)
You are immune to poison.
You resist negative energy. (rN+)
You are resistant to electric shocks. (rElec)
You are resistant to unholy torment.
You are immune to petrification.


Message History

You barely miss something.
The orc warrior hits you from afar with a +0 glaive.
Something hits you but does no damage.
You closely miss something.
The orc warrior hits you from afar with a +0 glaive.
You hear some strange, mumbled words.
You are confused.
You are too confused!
You are too confused!
You are too confused!
You are too confused!
You are too confused!
You are too confused!
You are too confused!
You are too confused!
You are too confused!
You are too confused!
You are too confused!
You are too confused!
You are too confused!
You are too confused!
You are too confused!
You are too confused!
You are too confused!
You are too confused!
You completely miss something.
The orc warrior hits you from afar with a +0 glaive!
Something hits you. The orc warrior barely misses you.
You bump into the rock wall.
Something hits you but does no damage.
The orc warrior hits you but does no damage.
You closely miss something.
You hear some strange, mumbled words.
A puff of flame appears from out of thin air!
The puff of flame hits you but does no damage.
The orc warrior hits you from afar with a +0 glaive!!
* * * LOW HITPOINT WARNING * * *
Something hits you but does no damage.
You bump into the rock wall.
The orc warrior barely misses you. Something hits you.
You die...

### ..# #.# #.# ### #.# ##...##
##.####.# #.###### o.o.....#
#...o{.# ##.####.###.####@# ##
##.# ##...## #.# #.
##.#############.# #.
........o##......###############.
.#.#####.##.####.(...............
...# #<##.# #.####.........###
.### #.##.# #.# #.######.## #
...#####.##.####.# #.# #.#
####...........#.# #.# #.## #


You could see an orc warrior.

Vanquished Creatures
  Eustachio (D:6)
  A black bear (D:4)
  A centaur (D:5)
  2 hounds
  Crazy Yiuf (D:3)
  An orc priest (D:4)
  3 orc wizards (D:4)
  2 iguanas
  A hound skeleton (D:5)
  5 adders
  An adder skeleton (D:5)
  A dart slug (D:1)
  8 orcs
  11 endoplasms
  8 giant cockroaches
  10 goblins
  3 hobgoblins
  2 jackals (D:1)
  3 quokkas
  8 ball pythons
  2 bats
  6 frilled lizards
  8 kobolds
  3 rats
92 creatures vanquished.

Vanquished Creatures (others)
  An orc wizard (D:4)
  A fungus (D:5)
  2 plants (D:2)
  3 toadstools (D:5)
7 creatures vanquished.

Grand Total: 99 creatures vanquished

Notes
Turn   | Place    | Note
-------+----------+-------------------------------------------
     0 | D:1      | Rennog the Gargoyle Fighter began the quest for the Orb.
     0 | D:1      | Reached XP level 1. HP: 14/14 MP: 1/1
     0 | D:1      | Noticed an iron dragon
     1 | D:1      | Noticed an iron dragon
     4 | D:1      | Noticed a tentacled monstrosity
     4 | D:1      | Noticed a large abomination
     9 | D:1      | Noticed a shadow dragon
    11 | D:1      | Noticed an ice dragon
    13 | D:1      | Noticed a tentacled monstrosity
    15 | D:1      | Noticed a red draconian
    15 | D:1      | Noticed a shadow dragon
    15 | D:1      | Noticed a shadow dragon
    17 | D:1      | Noticed an ice dragon
    17 | D:1      | Noticed an ice dragon
   308 | D:1      | Reached XP level 2. HP: 20/20 MP: 2/2
   616 | D:1      | Reached skill level 4 in Fighting
   618 | D:1      | Reached XP level 3. HP: 24/24 MP: 3/3
  1013 | D:1      | Found Omnosag's Distillery.
  1022 | D:1      | Bought a potion of heal wounds for 50 gold pieces
  1537 | D:2      | Reached XP level 4. HP: 30/30 MP: 4/4
  1826 | D:3      | Noticed Crazy Yiuf
  1826 | D:3      | Found a runed translucent door.
  2529 | D:3      | Found a faded altar of an unknown god.
  2736 | D:3      | Killed Crazy Yiuf
  2821 | D:4      | Reached XP level 5. HP: 34/34 MP: 5/5
  2822 | D:4      | Reached skill level 5 in Fighting
  2849 | D:4      | Noticed a black bear
  2872 | D:4      | Killed a black bear
  2873 | D:4      | Reached XP level 6. HP: 8/41 MP: 6/6
  3227 | D:4      | Reached skill level 6 in Fighting
  3877 | D:4      | Reached skill level 5 in Armour
  4255 | D:5      | Entered Level 5 of the Dungeon
  4325 | D:5      | Noticed an ice beast
  4465 | D:5      | Reached XP level 7. HP: 38/47 MP: 7/7
  5532 | D:6      | Noticed Eustachio
  5550 | D:6      | Killed Eustachio
  5551 | D:6      | Reached skill level 7 in Fighting
  5755 | D:6      | Slain by an orc wizard

Illustrated notes

Levels and vault maps discovered:
D:1:      shiori_arrival_whats_in_store_for_you, layout_loops_ring,
          serial_shops, nicolae_lakefront_shop
D:2:      cheibrodos_old_hovel, layout_loops_ring
D:3:      layout_loops_corners, dreamdust_ecumenical_altar_hidden_monk_grotto,
          uniq_crazy_yiuf_cottage
D:4:      layout_loops_cross, serial_rivers, chequers_serial_rivers_micro_d,
          chequers_serial_rivers_micro_e, chequers_serial_rivers_room_a,
          chequers_serial_rivers_micro_c
D:5:      layout_gridville, minmay_gold_behind_fungi
D:6:      ebering_ghost_reflecting_pool, layout_loops_ring, uniq_eustachio

Skill      XL: |  1  2  3  4  5  6  7 |
---------------+----------------------+-----
Fighting       | 4 5 6 7 |  7.2
Armour         | 4 5 |  5.5
Maces & Flails | 3 4 |  4.4
Shields        | |  3.2

Action                   |  1- 3 |  4- 6 |  7- 9 || total
-------------------------+-------+-------+-------++-------
Melee: Flail             |   110 |   172 |    53 ||   335
  Use: Potion            |       |     1 |       ||     1
Armor: Scale mail        |    66 |   140 |    43 ||   249
Dodge: Dodged            |    54 |    60 |    40 ||   154
Block: Buckler           |    29 |    28 |    15 ||    72

Table legend: (Time is in decaauts)
 A = Elapsed time spent in this place.
 B = Non-inter-level travel time spent in this place.
 C = Inter-level travel time spent in this place.
 D = Time resting spent in this place.
 E = Time spent auto-exploring this place.
 F = Levels seen in this place.
 G = Mean time per level.
                   A        B        C        D        E       F      G
               +--------+--------+--------+--------+--------+-----+--------+
         Total |   5858 |   5680 |    178 |    532 |   4291 |   6 |  976.3 |
       Dungeon |   5858 |   5680 |    178 |    532 |   4291 |   6 |  976.3 |
               +--------+--------+--------+--------+--------+-----+--------+

Top non-repeatable levels by time:
     D:4: 1305 daAuts
     D:3: 1215 daAuts
     D:1: 1111 daAuts
     D:5: 1110 daAuts
     D:2: 749 daAuts
     D:6: 368 daAuts
